 Dungeon Crawl Stone Soup version 0.28-a0-750-g7c675f85b1 (webtiles) character file.

Game seed: 8008158214237509633

26672 ytrimaz the Slicer (level 13, 0/101 HPs)
             Began as a Demonspawn Gladiator on Oct 29, 2021.
             Was a Priest of Makhleb.
             Slain by a skeletal warrior (9 damage)
             ... on level 13 of the Dungeon.
             The game lasted 00:23:26 (16139 turns).

ytrimaz the Slicer (Demonspawn Gladiator)          Turns: 16139, Time: 00:23:28

Health: 0/101      AC: 50    Str: 21    XL:     13   Next: 0%
Magic:  20/20      EV: 10    Int:  9    God:    Makhleb [***...]
Gold:   769        SH:  0    Dex: 16    Spells: 12/12 levels left

rFire   + . .      SeeInvis .   q - +8 short sword "Eneanerph" {freeze, rElec rPois rF- rN+}
rCold   + + .      Faith    .   (no shield)
rNeg    + . .      Spirit   .   w - +27 Lear's hauberk
rPois   +          Reflect  .   (helmet currently unavailable)
rElec   +          Harm     .   k - scarf {rC+ rF+}
rCorr   .          Rampage  .   (gloves currently unavailable)
Will    .....                   (boots currently unavailable)
Stlth   ..........              g - amulet of the acrobat
HPRegen 0.26/turn               h - ring of protection from cold
MPRegen 0.17/turn               j - ring of protection from fire

@: sanguine armoured
A: horns 2, icemail 2, sanguine armour 3, condensation shield, agile 1
a: Renounce Religion, Minor Destruction, Lesser Servant of Makhleb


You were on level 13 of the Dungeon.
You worshipped Makhleb.
Makhleb was most pleased with you.
You visited 2 branches of the dungeon, and saw 14 of its levels.

You collected 769 gold pieces.

Inventory:

Hand Weapons
 a - a +1 war axe of freezing
 q - the +8 short sword "Eneanerph" (weapon) {freeze, rElec rPois rF- rN+}
   (You found it on level 4 of the Dungeon)

   It freezes those it strikes, dealing additional cold damage.
   It can also slow down cold-blooded creatures.
   rF:        It makes you vulnerable to fire.
   rElec:     It insulates you from electricity.
   rPois:     It protects you from poison.
   rN:        It protects you from negative energy.
Missiles
 d - 3 throwing nets (quivered)
Armour
 k - a scarf of resistance (worn)
 m - the +0 kite shield "Godd" {rElec Stlth+}
   (You found it on level 6 of the Dungeon)

   rElec:     It insulates you from electricity.
   Stlth:     It makes you more stealthy.
 r - a +0 plate armour
 w - the +27 Lear's hauberk (worn)
   (You found it on level 12 of the Dungeon)
 x - a +2 pair of boots of stealth
Jewellery
 g - an amulet of the acrobat (around neck)
 h - a ring of protection from cold (left hand)
 j - a ring of protection from fire (right hand)
 n - a ring of willpower
 A - a +6 ring of dexterity
Scrolls
 b - 5 scrolls of enchant weapon
 e - 3 scrolls of identify
 l - a scroll of teleportation
 o - 2 scrolls of amnesia
 p - a scroll of blinking
 s - 3 scrolls of noise
 y - a scroll of enchant armour {unknown}
Potions
 c - a potion of brilliance
 f - 6 potions of curing
 i - 3 potions of flight
 t - 2 potions of attraction {unknown}
 u - a potion of resistance {unknown}
 v - 4 potions of mutation
 z - 3 potions of haste
 B - 2 potions of might
 C - a potion of magic {unknown}
 D - 2 potions of heal wounds


   Skills:
 + Level 9.3 Fighting
 - Level 12.0 Short Blades
 - Level 5.2 Axes
 - Level 1.7 Throwing
 * Level 10.7 Armour
 - Level 5.5 Dodging
 - Level 0.5 Shields
 * Level 9.8 Invocations


You had 12 spell levels left.
You didn't know any spells.
Your spell library contained the following spells:

 Spells                   Type           Power      Damage    Failure   Level
 Magic Dart               Conj           0%         1d3       95%         1
 Blink                    Tloc           0%         N/A       98%         2
 Call Imp                 Summ           0%         N/A       98%         2
 Ensorcelled Hibernation  Hex/Ice        0%         N/A       98%         2
 Passwall                 Tmut/Erth      0%         N/A       98%         2
 Sublimation of Blood     Necr           0%         N/A       98%         2
 Wereblood                Tmut           0%         N/A       98%         2
 Gell's Gravitas          Tloc           0%         N/A       100%        3
 Lesser Beckoning         Tloc           0%         N/A       100%        3
 Mephitic Cloud           Conj/Pois/Air  0%         N/A       100%        3
 Spider Form              Tmut/Pois      0%         N/A       100%        3
 Summon Guardian Golem    Hex/Summ       0%         N/A       100%        3
 Swiftness                Air            0%         N/A       100%        3
 Teleport Other           Tloc           0%         N/A       100%        3
 Fulminant Prism          Conj/Hex       0%         3d6       100%        4
 Iskenderun's Mystic Bla  Conj/Tloc      0%         2d3       100%        4
 Petrify                  Tmut/Erth      0%         N/A       100%        4
 Fireball                 Conj/Fire      0%         3d3       100%        5
 Freezing Cloud           Conj/Ice/Air   0%         6-21      100%        5
 Irradiate                Conj/Tmut      0%         3d14      100%        5
 Iskenderun's Battlesphe  Conj           0%         2d6       100%        5
 Lee's Rapid Deconstruct  Erth           0%         3d5*      100%        5
 Manifold Assault         Tloc           0%         N/A       100%        5
 Conjure Ball Lightning   Conj/Air       0%         3x3d6     100%        6
 Invisibility             Hex            0%         N/A       100%        6
 Simulacrum               Ice/Necr       0%         N/A       100%        6
 Orb of Destruction       Conj           0%         N/A       100%        7
 Spellforged Servitor     Conj/Summ      0%         N/A       100%        7
 Summon Hydra             Summ           0%         N/A       100%        7
 Polar Vortex             Ice            0%         N/A       100%        9


Dungeon Overview and Level Annotations

Branches:
Dungeon (13/15)            Temple (1/1) D:5            Lair (0/6) D:10
    Orc (0/2) D:9
 Vaults: D:13-14

Altars:
Ashenzari
Cheibriados
Elyvilon
Fedhas
Gozag
Kikubaaqudgha
Makhleb
Nemelex Xobeh
Okawaru
Qazlal
Ru
Sif Muna
Trog
Uskayaw
Vehumet
Wu Jian
Xom
Yredelemnul
Zin
The Shining One
Lugonu

Shops:
D:4 *   D:12 :   D:13 (?

Annotations:
D:7 2 transporters
D:13 2 transporters, pokeman's ghost, journeyman DEWz


Innate Abilities, Weirdness & Mutations

You have a pair of horns on your head.
A meltable icy envelope protects you from harm. (AC +0)
When seriously injured, your bleeding wounds create very thick armour. (AC +12)
A meltable shield of frost defends you. (SH +0)
You are agile. (Dex +2)


Message History

The cyan ugly thing is almost dead.
The cyan ugly thing gores you but does no damage.
Unknown command.
You closely miss the cyan ugly thing.
You headbutt the cyan ugly thing, but do no damage.
The cyan ugly thing is almost dead.
The skeletal warrior hits you but does no damage. x2
The skeletal warrior hits your smoke demon but does no damage.
The skeletal warrior hits you but does no damage.
Your smoke demon barely misses the skeletal warrior.
Your smoke demon hits the skeletal warrior but does no damage. x2
The skeletal warrior hits you but does no damage.
You puncture the cyan ugly thing! You freeze the cyan ugly thing.
You kill the cyan ugly thing!
Makhleb accepts your kill.
You feel better.
You have reached level 13!
Unknown command.
You hit the skeletal warrior. You headbutt the skeletal warrior!
The skeletal warrior is lightly damaged.
The skeletal warrior hits you with a +0 trident.
* * * LOW HITPOINT WARNING * * *
The skeletal warrior closely misses you.
The skeletal warrior hits your smoke demon with a +0 battleaxe!!
Your smoke demon dies!
Your smoke demon disappears in a puff of smoke!
The skeletal warrior closely misses you.
The skeletal warrior hits you but does no damage.
You hit the skeletal warrior.
Your headbutt misses the skeletal warrior.
The skeletal warrior is lightly damaged.
Unknown command.
You hit the skeletal warrior but do no damage.
You headbutt the skeletal warrior!
The skeletal warrior is severely damaged.
The skeletal warrior hits you with a +0 trident!
* * * LOW HITPOINT WARNING * * *
The skeletal warrior hits you but does no damage. x2
The skeletal warrior hits you with a +0 trident!
You die...

R#C....#u#....#####...# #....#
Qy#..W#.W#....#...#...# #....#
H...©.OOR#....#...#...# #....##
..#..°#.Q#....#...#...# #......
.#.....#H#....#''##...# +......
©.......y#............#####......
#8$!"..8##.......................
#########......z)........#######.
....©...☼......z@†.......# #.
..............§zz#'#+#... ##
................c.°..# +
........#######..##### #
.....#### #..# .. .....#
....9#..#..z..# ... .....##
.....#..#z....# ... .......#
.....#..'.z...# .......# ....
#..' ....#


You could see 4 skeletal warriors and a centaur.

Vanquished Creatures
  3 hydras
  A rakshasa (D:11)
  3 boulder beetles
  3 centaur warriors
  3 two-headed ogres
  A tengu warrior (D:10)
  4 skeletal warriors (D:13)
  Pikel (D:5)
  2 deep elf pyromancers
  An orb spider (shapeshifter) (D:13)
  5 manticores
  2 cyclopes (D:11)
  3 ugly things
  A komodo dragon (D:12)
  4 trolls
  3 hornets
  A meliai zombie (D:11)
  A shadow (D:10)
  A vampire (D:9)
  A wyvern (D:9)
  3 wraiths
  Eustachio (D:5)
  13 yaks
  A basilisk (D:11)
  5 vampire mosquitoes
  Edmund (D:5)
  2 water moccasins
  4 orc warriors
  An ice beast (D:7)
  6 ogres
  A necrophage (D:4)
  10 centaurs
  2 bullfrogs
  3 scorpions
  5 killer bees (D:7)
  2 howler monkeys (D:9)
  4 wights (D:8)
  3 centaur zombies (D:8)
  3 hounds
  A jelly (D:6)
  5 orc priests
  A bullfrog skeleton (D:6)
  2 centaur skeletons
  6 iguanas
  7 orc wizards
  A killer bee zombie (D:7)
  A hound zombie (D:5)
  A howler monkey zombie (D:10)
  7 adders
  A white imp (D:7)
  An ufetubus (D:4)
  3 worms
  8 dart slugs
  36 orcs
  4 endoplasms
  2 giant cockroaches
  11 goblins
  7 hobgoblins
  3 jackals (D:1)
  6 kobolds
  4 quokkas (D:1)
  6 ball pythons
  2 bats (D:2)
  5 frilled lizards
  7 rats
252 creatures vanquished.

Vanquished Creatures (collateral kills)
  A two-headed ogre (D:12)
  An unseen horror (D:12)
  2 trolls (D:12)
4 creatures vanquished.

Vanquished Creatures (others)
  A plant (D:1)
1 creature vanquished.

Grand Total: 257 creatures vanquished

Notes
Turn   | Place    | Note
-------+----------+-------------------------------------------
     0 | D:1      | ytrimaz the Demonspawn Gladiator began the quest for the
                  | Orb.
     0 | D:1      | Reached XP level 1. HP: 16/16 MP: 1/1
   169 | D:1      | Gained mutation: You have a pair of small horns on your
                  | head. [demonic ancestry]
   169 | D:1      | Reached XP level 2. HP: 12/22 MP: 2/2
   777 | D:1      | Gained mutation: When seriously injured, your bleeding
                  | wounds create armour. (AC +12) [demonic ancestry]
   777 | D:1      | Reached XP level 3. HP: 27/27 MP: 3/3
  1638 | D:2      | Reached XP level 4. HP: 30/34 MP: 4/4
  2090 | D:3      | Noticed an ogre
  3139 | D:3      | Found a faded altar of an unknown god.
  3248 | D:4      | Gained mutation: When seriously injured, your bleeding
                  | wounds create thick armour. (AC +12) [demonic ancestry]
  3248 | D:4      | Reached XP level 5. HP: 11/39 MP: 5/5
  3531 | D:4      | Found Menal's Assorted Antiques.
  3557 | D:4      | Noticed a necrophage
  3575 | D:4      | Killed a necrophage
  3576 | D:4      | Reached skill level 5 in Axes
  3795 | D:4      | Found a basalt altar of Yredelemnul.
  3797 | D:4      | Noticed a profane servitor
  3899 | D:4      | Identified the +8 short sword "Eneanerph" {freeze, rElec
                  | rPois rF- rN+}
  3927 | D:5      | Entered Level 5 of the Dungeon
  3933 | D:5      | Reached XP level 6. HP: 40/47 MP: 6/6
  3985 | D:5      | Reached skill level 1 in Short Blades
  4029 | D:5      | Noticed Eustachio
  4055 | D:5      | Killed Eustachio
  4056 | D:5      | Reached skill level 2 in Short Blades
  4229 | D:5      | Noticed Pikel
  4266 | D:5      | Killed Pikel
  4267 | D:5      | Reached skill level 4 in Short Blades
  4267 | D:5      | Gained mutation: When seriously injured, your bleeding
                  | wounds create very thick armour. (AC +12) [demonic
                  | ancestry]
  4267 | D:5      | Reached XP level 7. HP: 28/55 MP: 7/7
  4419 | D:5      | Found a staircase to the Ecumenical Temple.
  4481 | D:5      | Gained mutation: A meltable shield of frost defends you.
                  | (SH +0) [demonic ancestry]
  4481 | D:5      | Reached XP level 8. HP: 38/61 MP: 8/8
  4598 | Temple   | Entered the Ecumenical Temple
  4810 | Temple   | Became a worshipper of Makhleb the Destroyer
  4882 | D:5      | Reached skill level 5 in Short Blades
  5105 | D:5      | Noticed Edmund
  5127 | D:5      | Killed Edmund
  5128 | D:5      | Reached skill level 1 in Invocations
  5440 | D:5      | Found an ornate altar of the Wu Jian Council.
  5585 | D:6      | Reached skill level 6 in Short Blades
  6209 | D:6      | Reached * piety under Makhleb
  6225 | D:6      | Reached skill level 5 in Fighting
  6225 | D:6      | Reached skill level 7 in Short Blades
  6492 | D:6      | Gained mutation: A meltable icy envelope protects you from
                  | harm. (AC +0) [demonic ancestry]
  6492 | D:6      | Reached XP level 9. HP: 68/68 MP: 11/11
  6573 | D:6      | Identified the +0 kite shield "Godd" {rElec Stlth+}
  6597 | D:6      | Found a bloodstained altar of Trog.
  6646 | D:7      | Reached skill level 5 in Dodging
  6927 | D:7      | Found a transporter.
  6927 | D:7      | Found a corrupted altar of Lugonu.
  6928 | D:7      | Noticed an ancient zyme
  6929 | D:7      | Noticed a cyan ugly thing
  6994 | D:7      | Reached skill level 8 in Short Blades
  7162 | D:7      | Found a transporter.
  7234 | D:7      | Noticed a white ugly thing
  8335 | D:8      | Identified the +1 robe "Ifiy" {Regen+ Str-2 Dex+2}
  8383 | D:8      | Identified the +6 war axe of Greed {freeze, Str+2}
  8823 | D:8      | Found a shimmering blue altar of Sif Muna.
  8990 | D:8      | Reached skill level 9 in Short Blades
  8990 | D:8      | Reached skill level 1 in Armour
  8990 | D:8      | Reached skill level 5 in Invocations
  9252 | D:9      | Gained mutation: A meltable icy envelope protects you from
                  | harm. (AC +0) [demonic ancestry]
  9252 | D:9      | Reached XP level 10. HP: 76/76 MP: 13/13
  9337 | D:9      | Noticed a two-headed ogre
  9352 | D:9      | Killed a two-headed ogre
  9542 | D:9      | Found a staircase to the Orcish Mines.
  9550 | D:9      | Reached ** piety under Makhleb
  9843 | D:9      | Reached skill level 10 in Short Blades
  9862 | D:9      | Noticed a boulder beetle
  9909 | D:9      | Killed a boulder beetle
 10091 | D:9      | Noticed a two-headed ogre
 10102 | D:9      | Killed a two-headed ogre
 10571 | D:9      | Reached XP level 11. HP: 83/83 MP: 14/16
 10742 | D:9      | Gained mutation: You are agile. (Dex +2) [potion of
                  | mutation]
 10742 | D:9      | Gained mutation: You have a pair of horns on your head.
                  | [potion of mutation]
 10784 | D:10     | Entered Level 10 of the Dungeon
 11036 | D:10     | Found a blossoming altar of Fedhas.
 11182 | D:10     | Found a staircase to the Lair.
 11308 | D:10     | Found an ancient bone altar of Kikubaaqudgha.
 11386 | D:10     | Reached skill level 5 in Armour
 11387 | D:10     | Found an iron altar of Okawaru.
 11836 | D:11     | Noticed a cyan ugly thing
 11848 | D:11     | Killed a cyan ugly thing
 11858 | D:11     | Reached skill level 11 in Short Blades
 12044 | D:11     | Reached *** piety under Makhleb
 12386 | D:11     | Noticed an eight-headed hydra
 12397 | D:11     | Killed an eight-headed hydra
 12610 | D:11     | Noticed a centaur warrior
 12614 | D:11     | Noticed a centaur warrior
 12615 | D:11     | Noticed a five-headed hydra
 12616 | D:11     | Noticed a tengu warrior
 12616 | D:11     | Noticed a boulder beetle
 12934 | D:10     | Killed a tengu warrior
 13178 | D:10     | Killed a centaur warrior
 13253 | D:11     | Killed a five-headed hydra
 13263 | D:11     | Killed a centaur warrior
 13426 | D:11     | Reached skill level 12 in Short Blades
 13428 | D:11     | Noticed a cyan ugly thing
 13442 | D:11     | Killed a cyan ugly thing
 13471 | D:11     | Killed a boulder beetle
 13472 | D:11     | Reached XP level 12. HP: 35/92 MP: 18/18
 13978 | D:11     | Noticed a rakshasa
 14016 | D:11     | Killed a rakshasa
 14381 | D:12     | Found Ximy's Book Emporium.
 14384 | D:12     | Noticed a two-headed ogre
 14390 | D:12     | Noticed a two-headed ogre
 14407 | D:12     | Killed a two-headed ogre
 14411 | D:12     | Killed a two-headed ogre
 14413 | D:12     | Found the +27 Lear's hauberk
 14863 | D:12     | Noticed a centaur warrior
 14873 | D:12     | Killed a centaur warrior
 15156 | D:12     | Noticed a five-headed hydra
 15163 | D:12     | Killed a five-headed hydra
 15267 | D:13     | Noticed a boulder beetle
 15326 | D:13     | Killed a boulder beetle
 15447 | D:13     | Found a transporter.
 15457 | D:13     | Reached skill level 10 in Armour
 15573 | D:13     | Noticed pokeman's ghost (journeyman DEWz)
 15574 | D:13     | Noticed an ogre mage
 15576 | D:13     | Found a transporter.
 15865 | D:13     | Found Odidgheu's Weapon Boutique.
 16035 | D:13     | Found Taegoler's Magic Scroll Shoppe.
 16103 | D:13     | Noticed a seven-headed hydra
 16137 | D:13     | Reached XP level 13. HP: 25/101 MP: 20/20
 16139 | D:13     | Slain by a skeletal warrior

Illustrated notes

Levels and vault maps discovered:
D:1:      minmay_arrival_plants_in_alcoves, layout_loops_corners, nrook_campfire
D:2:      layout_loops_ring, minmay_misc_feat_plants, st_stairs_1
D:3:      layout_basic, riverfiend_overflow_shadow_ancestor, serial_shops, shop,
          ebering_ecumenical_altar_rust
D:4:      layout_cave_pools, grunt_temple_overflow_holy_war, serial_shops, shop
D:5:      kennysheep_slugbush, layout_basic, nicolae_wu_jian_glorious_leap,
          temple_green, uniq_eustachio, uniq_edmund, uniq_pikel
D:6:      layout_rooms, trog_book, minmay_checkerbox
D:7:      gammafunk_corrupted_shrine, layout_cave_pools
D:8:      layout_loops_ring, tgw_sif, nicolae_ossuary_entry_monument
D:9:      layout_loops_ring, erik_orc_3, minmay_misc_feat_five
D:10:     layout_roguey, overflow_temple_1_default, general_overflow_altar,
          kiku_gazebo_pond_becter, mainiacjoe_overflow_boulevard,
          lair_entry_dummy, serial_aquarium, aquarium_bridge_square
          [aquarium_subvault_window, aquarium_subvault_bridge,
          aquarium_subvault_bridge, aquarium_subvault_window],
          aquarium_window_corner, aquarium_window_1, aquarium_view_2b,
          aquarium_view_2b, aquarium_balcony_5a, aquarium_pool_five,
          kennysheep_generic_room_7
D:11:     layout_gridville, minivault_28
D:12:     layout_basic, serial_shops, shop_statue
D:13:     layout_irregular_city, skrybe_vaults_entry_preservation,
          gammafunk_ghost_arena, serial_shops, kennysheep_little_box,
          nicolae_lakefront_shop
Temple:   bh_familiar_temple

Skill      XL: |  1  2  3  4  5  6  7  8  9 10 11 12 |
---------------+-------------------------------------+-----
Axes           | 3 4 5 |  5.2
Dodging        | 3 4 5 |  5.5
Fighting       | 3 4 5 6 7 9 |  9.3
Short Blades   | 4 7 9 10 12 | 12.0
Invocations    | 3 5 6 8 9 |  9.8
Armour         | 1 4 7 10 | 10.7
Throwing       | |  1.7
Shields        | |  0.5

Action                   |  1- 3 |  4- 6 |  7- 9 | 10-12 | 13-15 || total
-------------------------+-------+-------+-------+-------+-------++-------
Melee: War axe           |   109 |    68 |       |       |       ||   177
       Headbutt          |     8 |    19 |    55 |   194 |     2 ||   278
       Short sword       |       |    53 |   292 |   688 |     3 ||  1036
Invok: Minor Destruction |       |       |       |     1 |       ||     1
       Lesser Servant of |       |       |       |     3 |       ||     3
  Use: Scroll            |     7 |     3 |     4 |     4 |       ||    18
       Potion            |       |     1 |     1 |     2 |       ||     4
 Stab: Distracted        |       |       |       |     1 |       ||     1
Armor: Leather armour    |    23 |       |       |       |       ||    23
       Scale mail        |    24 |    91 |   192 |       |       ||   307
       Plate armour      |       |       |    15 |   293 |       ||   308
       Chain mail        |       |       |       |   139 |     3 ||   142
Dodge: Dodged            |    91 |    92 |   214 |   254 |     2 ||   653
Block: Other             |       |       |    58 |    84 |       ||   142

Table legend: (Time is in decaauts)
 A = Elapsed time spent in this place.
 B = Non-inter-level travel time spent in this place.
 C = Inter-level travel time spent in this place.
 D = Time resting spent in this place.
 E = Time spent auto-exploring this place.
 F = Levels seen in this place.
 G = Mean time per level.
                   A        B        C        D        E       F      G
               +--------+--------+--------+--------+--------+-----+--------+
         Total |  15816 |  15480 |    336 |   2729 |  10020 |  14 | 1129.7 |
       Dungeon |  15578 |  15266 |    312 |   2729 |   9852 |  13 | 1198.3 |
        Temple |    237 |    213 |     24 |      0 |    168 |   1 |  237.0 |
               +--------+--------+--------+--------+--------+-----+--------+

Top non-repeatable levels by time:
    D:11: 1877 daAuts
     D:2: 1502 daAuts
     D:9: 1494 daAuts
     D:5: 1387 daAuts
    D:10: 1339 daAuts
     D:7: 1328 daAuts
     D:1: 1260 daAuts
     D:8: 1215 daAuts
    D:12: 1093 daAuts
     D:6: 1080 daAuts
    D:13: 800 daAuts
     D:4: 770 daAuts
     D:3: 430 daAuts
  Temple: 237 daAuts
